 Dungeon Crawl Stone Soup version 0.29.1-15-g9cfb28693d (webtiles) character file.

Game seed: 11742523667400728194

583843 nonceun the Conqueror (level 26, -45/262 (266) HPs)
             Began as a Minotaur Berserker on Apr 8, 2023.
             Was a High Priest of Trog.
             Killed from afar by an orb of fire (65 damage)
             ... with a fireball
             ... on level 5 of the Realm of Zot on Apr 9, 2023.
             The game lasted 07:32:47 (59840 turns).

nonceun the Conqueror (Minotaur Berserker)         Turns: 59840, Time: 07:32:49

HP:   -45/262 (266) AC: 43    Str: 35    XL:     26   Next: 1%
MP:   22/22         EV: 16    Int:  5    God:    Trog [*****.]
Gold: 6980          SH: 28    Dex: 15    Spells: 25/25 levels left

rFire   . . .      SeeInvis +   a - +8 mithril axe "Arga" {speed, Will+}
rCold   + + .      Faith    .   T - +5 kite shield
rNeg    + . .      Spirit   .   i - +4 gold dragon scales
rPois   +          Reflect  +   c - +1 hat "Zieq" {rC+ Str+3}
rElec   .          Harm     .   L - +2 cloak {rCorr}
rCorr   +          Rampage  .   E - +1 pair of gloves of Loxaemie {Regen+ Str+4 Int-5 Stlth+}
Will    ++...                   m - +2 pair of boots
Stlth   ..........              u - amulet of reflection
HPRegen 1.33/turn               A - ring of see invisible
MPRegen 0.18/turn               s - ring "Mergha Olob" {rN+ Str+6 Dex+3 Stlth+}

@: fire vulnerable, lightly drained
A: horns 2, retaliatory headbutt, dopey 1, poison resistance, screaming 2, weak
1, no potion heal 1, devolution 1
}: 3/15 runes: decaying, silver, gossamer
a: Renounce Religion, Berserk, Trog's Hand, Brothers in Arms


You were on level 5 of the Realm of Zot.
You worshipped Trog.
Trog was extremely pleased with you.
You visited 9 branches of the dungeon, and saw 46 of its levels.
You visited 1 bazaar.
You also visited: Trove, Gauntlet and Ice Cave.

You collected 8855 gold pieces.
You spent 1875 gold pieces at shops.

Inventory:

Hand Weapons
 a - the +8 mithril axe "Arga" (weapon) {speed, Will+}
   (You acquired it on level 1 of the Lair of Beasts)

   Attacks with this weapon are significantly faster.
   Will:      It increases your willpower.
 b - the +18 lance "Wyrmbane" {slay drac, rPois rF+ rC+ AC+3}
   (You took it off a minotaur in a Gauntlet)

   It inflicts extra damage against dragons and draconians.
   AC:        It affects your AC (+3).
   rF:        It protects you from fire.
   rC:        It protects you from cold.
   rPois:     It protects you from poison.
Missiles
 t - 5 stones (quivered)
Armour
 c - the +1 hat "Zieq" (worn) {rC+ Str+3}
   (You acquired it on level 1 of the Lair of Beasts)

   Str:       It affects your strength (+3).
   rC:        It protects you from cold.
 i - +4 gold dragon scales (worn)
 j - a scarf of resistance
 m - a +2 pair of boots (worn)
 E - the +1 pair of gloves of Loxaemie (worn) {Regen+ Str+4 Int-5 Stlth+}
   (You found it on level 4 of the Dungeon)

   Str:       It affects your strength (+4).
   Int:       It affects your intelligence (-5).
   Regen:     It increases your rate of health regeneration.
   Stlth:     It makes you more stealthy.
 L - a +2 cloak of preservation (worn)
 T - a +5 kite shield (worn)
Jewellery
 e - the ring "Zokhoed" {rElec MP+9 Str+5 Dex-4}
   (You found it in a Gauntlet)

   [ring of magical power]

   Str:       It affects your strength (+5).
   Dex:       It affects your dexterity (-4).
   rElec:     It insulates you from electricity.
   MP:        It affects your magic capacity (+9).
 f - the ring "Sumac" {rC+ rCorr Str+6 Stlth+}
   (You found it in an ice cave)

   [ring of strength]

   Str:       It affects your strength (+6).
   rC:        It protects you from cold.
   rCorr:     It protects you from acid and corrosion.
   Stlth:     It makes you more stealthy.
 g - a ring of protection from fire
 q - the ring "Vyliteg" {Ice rN++ Int-4}
   (You took it off Josephina on level 3 of the Realm of Zot)

   [ring of ice]

   It enhances your ice magic.
   Int:       It affects your intelligence (-4).
   rF:        It makes you vulnerable to fire.
   rC:        It protects you from cold.
   rN:        It greatly protects you from negative energy.
 s - the ring "Mergha Olob" (right hand) {rN+ Str+6 Dex+3 Stlth+}
   (You took it off a deep elf sorcerer on level 3 of the Depths)

   [ring of strength]

   Str:       It affects your strength (+6).
   Dex:       It affects your dexterity (+3).
   rN:        It protects you from negative energy.
   Stlth:     It makes you more stealthy.
 u - an amulet of reflection (around neck)
 A - a ring of see invisible (left hand)
 C - the amulet of Ysenuklae {Acrobat Str+7 Dex-3}
   (You acquired it on level 5 of the Realm of Zot)

   [amulet of the acrobat]

   It increases your evasion while moving and waiting.
   Str:       It affects your strength (+7).
   Dex:       It affects your dexterity (-3).
 R - the ring "Jidwef" {Fly rF+ rCorr MP+9}
   (You found it on level 3 of the Elven Halls)

   [ring of flight]

   rF:        It protects you from fire.
   MP:        It affects your magic capacity (+9).
   Fly:       It grants you flight.
   rCorr:     It protects you from acid and corrosion.
 U - a ring of positive energy
 Z - the ring of Jackio {rF+ Dex+6}
   (You found it on level 3 of the Elven Halls)

   [ring of dexterity]

   Dex:       It affects your dexterity (+6).
   rF:        It protects you from fire.
Wands
 d - a wand of polymorph (24)
 x - a wand of mindburst (30)
 z - a wand of iceblast (33)
 B - a wand of flame (49)
 D - a wand of paralysis (38)
 M - a wand of digging (7)
 Q - a wand of quicksilver (19)
Scrolls
 l - 10 scrolls of immolation
 n - 29 scrolls of teleportation
 p - 5 scrolls of blinking
 F - 2 scrolls of silence
 J - 12 scrolls of poison
 P - 18 scrolls of fear
 V - 7 scrolls of magic mapping
 Y - 10 scrolls of fog
Potions
 h - 6 potions of mutation
 v - 7 potions of heal wounds
 w - a potion of invisibility
 y - 14 potions of might
 G - 3 potions of resistance
 H - 11 potions of haste
 I - 20 potions of attraction
 N - 24 potions of curing
 S - 10 potions of lignification
 W - 9 potions of cancellation
Miscellaneous
 k - a phantom mirror
 o - a lightning rod (4/4)
 r - a tin of tremorstones (2/2)
 K - a box of beasts
 O - a condenser vane
 X - a phial of floods


   Skills:
 O Level 27 Fighting
 - Level 18.0 Axes
 - Level 2.1(12.0) Polearms
 O Level 27 Armour
 + Level 17.0 Dodging
 O Level 27 Shields
 + Level 21.0 Evocations


You had 25 spell levels left.
You didn't know any spells.
Your spell library contained the following spells:

 Spells                   Type           Power      Damage    Failure   Level
 Beastly Appendage        Tmut           0%         N/A       92%         1
 Necrotise                Necr           0%         1d4       92%         1
 Sandblast                Erth           0%         2d4       92%         1
 Blink                    Tloc           0%         N/A       98%         2
 Passwall                 Tmut/Erth      0%         N/A       98%         2
 Scorch                   Fire           0%         2d5       98%         2
 Static Discharge         Conj/Air       0%         3-3/arc   98%         2
 Wereblood                Tmut           0%         N/A       98%         2
 Call Canine Familiar     Summ           0%         N/A       100%        3
 Confusing Touch          Hex            0%         N/A       100%        3
 Dazzling Flash           Conj/Hex       0%         N/A       100%        3
 Frozen Ramparts          Ice            0%         1d1       100%        3
 Inner Flame              Hex/Fire       0%         N/A       100%        3
 Lesser Beckoning         Tloc           0%         N/A       100%        3
 Ozocubu's Armour         Ice            0%         N/A       100%        3
 Portal Projectile        Hex/Tloc       0%         N/A       100%        3
 Spider Form              Tmut/Pois      0%         N/A       100%        3
 Stone Arrow              Conj/Erth      0%         3d7       100%        3
 Tukima's Dance           Hex            0%         N/A       100%        3
 Vampiric Draining        Necr           0%         2d6       100%        3
 Airstrike                Air            0%         2d(0-16)  100%        4
 Anguish                  Hex/Necr       0%         N/A       100%        4
 Animate Armour           Summ/Erth      0%         N/A       100%        4
 Animate Dead             Necr           0%         N/A       100%        4
 Dispel Undead            Necr           0%         3d6       100%        4
 Flame Wave               Conj/Fire      0%         2d4       100%        4
 Hailstorm                Conj/Ice       0%         3d3       100%        4
 Ice Form                 Ice/Tmut       0%         N/A       100%        4
 Iskenderun's Mystic Bla  Conj/Tloc      0%         2d3       100%        4
 Leda's Liquefaction      Hex/Erth       0%         N/A       100%        4
 Olgreb's Toxic Radiance  Pois           0%         N/A       100%        4
 Petrify                  Tmut/Erth      0%         N/A       100%        4
 Sticky Flame             Conj/Fire      0%         2d3       100%        4
 Summon Ice Beast         Ice/Summ       0%         N/A       100%        4
 Summon Lightning Spire   Summ/Air       0%         N/A       100%        4
 Agony                    Necr           0%         N/A       100%        5
 Alistair's Intoxication  Tmut/Pois      0%         N/A       100%        5
 Blade Hands              Tmut           0%         N/A       100%        5
 Borgnjor's Vile Clutch   Necr/Erth      0%         N/A       100%        5
 Lee's Rapid Deconstruct  Erth           0%         3d5*      100%        5
 Lightning Bolt           Conj/Air       0%         1d11      100%        5
 Manifold Assault         Tloc           0%         N/A       100%        5
 Metabolic Englaciation   Hex/Ice        0%         N/A       100%        5
 Yara's Violent Unravell  Hex/Tmut       0%         3d3       100%        5
 Conjure Ball Lightning   Conj/Air       0%         3x3d6     100%        6
 Death Channel            Necr           0%         N/A       100%        6
 Eringya's Noxious Bog    Tmut/Pois      0%         N/A       100%        6
 Iron Shot                Conj/Erth      0%         9d1       100%        6
 Simulacrum               Ice/Necr       0%         N/A       100%        6
 Starburst                Conj/Fire      0%         6d3       100%        6
 Statue Form              Tmut/Erth      0%         N/A       100%        6
 Summon Cactus Giant      Summ           0%         N/A       100%        6
 Enfeeble                 Hex            0%         N/A       100%        7
 Ozocubu's Refrigeration  Ice            0%         4d7       100%        7
 Discord                  Hex            0%         N/A       100%        8
 Disjunction              Tloc           0%         N/A       100%        8
 Ignition                 Fire           0%         3d3       100%        8
 Lehudib's Crystal Spear  Conj/Erth      0%         10d2      100%        8
 Maxwell's Capacitive Co  Air            0%         ∞         100%        8


Dungeon Overview and Level Annotations

Branches:
Dungeon (15/15)            Temple (0/1) D:6            Lair (4/5) D:8
  Swamp (4/4) Lair:3       Spider (4/4) Lair:3          Orc (2/2) D:11
    Elf (3/3) Orc:2        Vaults (5/5) D:14          Crypt (0/3) Vaults:3
 Depths (4/4) D:15            Zot (5/5) Depths:4      IceCv (visited)
Gauntlet (visited)
  Slime: Lair:4-5

Altars:
Dithmenos
Fedhas
Hepliaklqana
Kikubaaqudgha
Okawaru
Qazlal
Sif Muna
Trog
Vehumet
Yredelemnul

Shops:
D:2 *   Orc:2 :[(*   Elf:1 !   Elf:3 *([(   Depths:1 *(

Portals:
Hell: Depths:1 Depths:2 Depths:3 Depths:4
Abyss: Zot:1 Depths:3
Pandemonium: Depths:2 Depths:3 Depths:4
Ziggurat: Depths:1

Annotations:
Lair:4 !rupert, Rupert
Vaults:5 1 exclusion
Zot:1 2 transporters
Zot:3 2 transporters, exclusion: orange crystal statue, Toelubet's ghost, veteran CeHu
Zot:4 ShutUppercut's ghost, legendary DsGl
Zot:5 1 exclusion


Innate Abilities, Weirdness & Mutations

You have a pair of horns on your head.
You reflexively headbutt those who attack you in melee.
You are dopey. (Int -2)
Your system is resistant to poisons. (rPois)
You frequently scream uncontrollably at your foes.
You are weak. (Str -2)
Potions are less effective at restoring your health.
You have hidden genetic defects.


Message History

The fireball engulfs the orb of fire.
The orb of fire completely resists.
The shadow dragon breathes negative energy at you.
The bolt of negative energy hits the orb of fire.
The orb of fire completely resists.
The bolt of negative energy hits you! You partially resist.
You feel drained.
You slice the orb of fire!!
The orb of fire is severely damaged.
The orb of fire glows deep purple.
The bolt of fire hits you!! You resist.
You chop the orb of fire into pieces!!!
You headbutt the orb of fire, but do no damage.
The orb of fire is almost destroyed.
The shadow dragon disappears!
You slash the orb of fire! Your headbutt misses the orb of fire.
The orb of fire is almost destroyed.
The orb of fire emits a lurid red light.
The fireball explodes!
The fireball engulfs you!! You resist.
The fireball engulfs the orb of fire.
The orb of fire completely resists.
The electric golem hurls lightning at you.
The bolt of lightning hits the orb of fire.
The orb of fire completely resists.
The bolt of lightning misses you.
You slash the orb of fire! Your headbutt misses the orb of fire.
The orb of fire is almost destroyed.
The orb of fire glows red.
The fireball explodes!
The fireball engulfs you! You resist.
The fireball engulfs the orb of fire.
The orb of fire completely resists.
The Killer Klown pies you viciously! The klown pie hits you!
Cherry!
Cherry-coloured flames burn away your fire resistance!
The electric golem blinks!
The orb of fire glows red.
The fireball explodes!
The fireball engulfs you!!!
* * * LOW HITPOINT WARNING * * *
The electric golem blinks!
The orb of fire glows yellow.
The bolt of fire hits the orb of fire.
The orb of fire completely resists.
The bolt of fire misses you.
The Killer Klown blinks!
The orb of fire glows bright magenta.
The fireball explodes!
The fireball engulfs you!!!
You die...

,*******▓▓***** #▓▓
,,,,,,,,..▓▓▓* ▓▓
,,,,,,,,.....▓#* ##▓.
,,,,,,,,.......## ##...
,,,,,,,,..p.....# ▓▓▓▓▓▓▓▓▓ #....
,,,,,,,,^..§....▓▓▓..^....▓▓▓....
,,,,,,,9..*.....▓▓.........▓▓....
,,,,,,,,........▓...........▓....
,,,,,,,,.9..^..*@.....0..........
,,,,,,,,..^....^▓.....^.....▓....
,,,,,,,,........▓▓...^.....▓▓....
,,,,,,,,.^......▓▓▓.......▓▓▓....
,,,,,,,,..^.^...▓ ▓▓▓▓▓▓▓▓▓ ▓...^
,,,,,,,,.......▓▓ ▓▓...
,,,,,,,,.....▓▓* ▓▓▓.
,,,,,,,,,.▓▓▓* ▓▓ ***********


You could see 2 orbs of fire, a Killer Klown and an electric golem.

Vanquished Creatures
  The ghost of Yliz the Conqueror, a legendary DsBe of Trog (Zot:3)
  3 ancient liches
  The ghost of Sostolov the Conqueror, a legendary MiAK of Lugonu (Zot:3)
  The ghost of Sofait the Black Belt, a legendary GnFE of Okawaru (Zot:3)
  4 orbs of fire
  4 juggernauts
  The ghost of Gupaxyh the Wrestler, a veteran TrCA of Jiyva (Zot:3)
  The ghost of Varphup the Warmonger, a legendary FoFi of Okawaru (Zot:3)
  The ghost of wilo the Conqueror, a master MfBe of Trog (Zot:4)
  The ghost of Beuseq the Timeless, a master GnFi of Cheibriados (Zot:3)
  The ghost of Beuseq the Timeless, a master GnFi of Cheibriados (Zot:3)
  Josephina (Zot:3)
  A Killer Klown (Zot:5)
  Saint Roka (Elf:2)
  2 curse toes (Zot:4)
  7 golden dragons
  2 bone dragons
  A Tzitzimitl (Zot:3)
  2 doom hounds (Zot:3)
  4 electric golems
  21 tentacled monstrosities
  2 walking crystal tomes (Depths:3)
  A walking divine tome (Depths:3)
  Grunn (Zot:3)
  20 Orb Guardians (Zot:5)
  11 liches
  9 titans
  5 deep elf master archers
  A deep elf blademaster (Elf:3)
  9 quicksilver dragons
  10 sphinxes
  8 death cobs
  Kirke (Swamp:3)
  8 tengu reavers
  12 shadow dragons
  13 storm dragons
  3 thorn hunters
  7 draconian monks
  Roxanne (Swamp:2)
  6 fenstrider witches
  13 frost giants
  13 draconian knights
  7 vault wardens
  An emperor scorpion (Spider:4)
  6 iron dragons
  The ghost of Unuruuc the Eclecticist, an adept DsFE of Makhleb (Elf:1)
  7 draconian shifters
  8 deep elf sorcerers
  15 fire giants
  A draconian scorcher (Zot:4)
  3 orc warlords
  Aizul (Swamp:3)
  2 ghouls (Swamp:2)
  6 deep elf elementalists (Elf:3)
  28 very ugly things
  7 ghost moths
  4 spriggan defenders
  A draconian stormcaller (Zot:5)
  A reaper (Zot:3)
  A war gargoyle (Vaults:5)
  2 draconian annihilators
  18 ironbound preservers
  3 vampire knights
  23 stone giants
  The ghost of Ynuz the Severer, a journeyman VSBe of Trog (Elf:2)
  4 ironbound thunderhulks
  12 green draconians
  11 black draconians
  6 dire elephants
  14 red draconians
  3 deep elf demonologists (Elf:3)
  Nessos (Lair:4)
  10 eleionomae
  2 entropy weavers
  7 purple draconians
  4 bunyips
  12 spark wasps
  15 deep elf annihilators
  5 yellow draconians
  A minotaur (Gauntlet)
  17 white draconians
  A merfolk javelineer (Elf:1)
  6 deep elf death magi
  The ghost of bronco the Thaumaturge, a journeyman DjCj of Ashenzari (Orc:2)
  7 fire dragons
  4 shambling mangroves
  19 ettins
  A blizzard demon (Swamp:4)
  A crystal guardian (Vaults:2)
  17 yaktaur captains
  A green death (Depths:2)
  Fannar (Orc:1)
  4 rakshasas
  2 merfolk impalers (Elf:1)
  The ghost of Qililel the Slasher, a journeyman NaFi of Fedhas (Lair:3)
  10 deep elf high priests
  7 great orbs of eyes
  10 ice dragons
  A salamander tyrant (Depths:4)
  A peacekeeper (Vaults:2)
  A jorogumo (Spider:3)
  22 hydras
  A hell beast (Depths:4)
  3 ogre magi
  A death knight (D:13)
  4 boulder beetles
  2 catoblepae
  2 radroaches
  9 centaur warriors
  Erica (D:8)
  25 vault guards (Vaults:5)
  2 ghost crabs
  7 ironbound frosthearts
  38 dancing weapons
  10 two-headed ogres
  6 deep troll shamans (Depths:3)
  12 alligators
  2 deep troll earth magi (Depths:3)
  12 tengu warriors
  17 spriggans
  5 orc high priests
  10 hell knights
  2 vampire magi (Depths:3)
  A sun demon (Depths:4)
  2 soul eaters (Swamp:4)
  11 deep elf knights
  8 spriggan berserkers
  Sonja (Lair:4)
  6 pharaoh ants
  An iron troll (Depths:1)
  A salamander mystic (Depths:4)
  A sixfirhy (Swamp:4)
  Lodul (D:10)
  2 sun moths
  8 goliath frogs
  7 spriggan druids
  2 flayed ghosts (Depths:3)
  55 deep trolls
  8 orb spiders
  4 steelbarb worms
  4 glowing orange brains
  3 spriggan simulacra
  Pikel (D:6)
  9 orc knights
  13 ironbound convokers
  6 bog bodies
  10 deep elf archers
  An orange crystal statue (IceCv)
  6 swamp dragons
  10 lindwurms
  A swamp dragon (shapeshifter) (Depths:3)
  5 phantasmal warriors
  10 wizards
  25 deep elf pyromancers
  A harpy (Vaults:1)
  3 necromancers
  6 orc sorcerers
  2 manticores
  19 deep elf zephyrmancers
  An iron dragon zombie (Depths:1)
  18 wolf spiders
  A frost giant zombie (Depths:1)
  37 ugly things
  A shining eye (Depths:4)
  5 large abominations (Depths:1)
  7 salamanders (Depths:4)
  6 cyclopes
  7 will-o-the-wisps
  31 moths of wrath
  14 elephants
  Maurice (D:9)
  5 apocalypse crabs (Zot:4)
  11 vault sentinels
  2 rust devils (Depths:2)
  3 torpor snails
  A black mamba (Lair:3)
  5 orange demons (Swamp:4)
  A gargoyle (D:14)
  2 smoke demons (Depths:4)
  7 cane toads
  5 storm dragon simulacra
  Maggie (D:8)
  5 kobold demonologists
  3 freezing wraiths
  4 efreet
  A tormentor (Zot:3)
  4 unseen horrors
  A rime drake (Lair:3)
  Psyche (D:12)
  7 demonic crawlers
  4 tengu conjurers
  8 komodo dragons
  21 yaktaurs
  7 golden dragon simulacra (IceCv)
  A hellwing (Zot:4)
  6 meliai (Spider:2)
  6 trolls
  2 red devils
  5 polar bears
  10 tyrant leeches
  Grinder (D:4)
  2 tarantellas (shapeshifter)
  19 tarantellas
  A raiju (shapeshifter) (D:15)
  11 blink frogs (Lair:2)
  A wind drake (shapeshifter) (Vaults:5)
  25 hornets
  A tengu simulacrum (Depths:1)
  A snapping turtle (shapeshifter) (Vaults:4)
  Prince Ribbit (D:8)
  A raiju (Gauntlet)
  A draconian simulacrum (Zot:3)
  A dream sheep (Lair:3)
  A vampire (D:12)
  18 slime creatures
  4 centaur simulacra (Gauntlet)
  A shadow (D:14)
  A spriggan zombie (Depths:1)
  4 air elementals
  A culicivora (shapeshifter) (Vaults:2)
  A ynoxinul (Depths:2)
  3 wyverns
  2 dire elephant simulacra (Swamp:3)
  2 water elementals
  Sigmund (D:3)
  14 jumping spiders
  18 culicivoras
  6 yaks
  3 chaos spawn (Swamp:4)
  3 hogs (Swamp:3)
  A neqoxec (Swamp:4)
  3 wraiths
  3 basilisks
  Eustachio (D:6)
  34 redbacks
  A steam dragon (Gauntlet)
  4 vampire mosquitoes (Swamp:2)
  Edmund (D:5)
  3 acid dragons
  A black draconian simulacrum (Zot:3)
  3 wargs
  A harpy simulacrum (Swamp:3)
  16 swamp worms
  11 water moccasins
  4 floating eyes (Depths:3)
  2 ice beasts
  30 orc warriors
  A moth of wrath simulacrum (Zot:3)
  3 swamp drakes
  A black bear (shapeshifter) (D:13)
  7 ice dragon simulacra (IceCv)
  3 black bears
  An alligator simulacrum (Swamp:3)
  6 small abominations (Depths:1)
  6 wolves
  19 ogres
  A boggart (Vaults:1)
  5 centaurs
  2 lemures (D:6)
  8 kobold brigands
  12 bullfrogs
  10 gnoll sergeants
  2 earth elementals (Elf:2)
  8 scorpions
  2 deep troll simulacra (Swamp:3)
  8 wights
  3 lindwurm simulacra (IceCv)
  4 killer bees (D:10)
  11 howler monkeys
  2 electric eels
  Crazy Yiuf (D:3)
  3 gnoll boudas
  4 hounds (D:7)
  A wyvern simulacrum (Gauntlet)
  3 jellies
  9 orc priests
  3 iguanas
  15 orc wizards
  3 hell rats (Lair:4)
  Natasha (thrice) (D:2)
  Robin (D:3)
  42 gnolls
  7 adders
  A shadow imp (D:8)
  3 white imps
  3 ufetubi
  4 worms
  2 dart slugs
  53 orcs
  8 ball pythons
  6 endoplasms
  7 giant cockroaches
  11 goblins
  9 hobgoblins
  4 jackals
  A quokka (D:5)
  4 bats
  4 frilled lizards
  27 kobolds
  2 rats
  A briar patch (Swamp:2)
  A bush (Lair:3)
1936 creatures vanquished.

Vanquished Creatures (collateral kills)
  The ghost of Sofait the Black Belt, a legendary GnFE of Okawaru (Zot:3)
  A Killer Klown (Zot:3)
  Nikola (Spider:1)
  An electric golem (Zot:2)
  A death cob (Zot:2)
  A deep elf sorcerer (Elf:3)
  4 emperor scorpions (Spider:4)
  A frost giant (Vaults:5)
  A ghost moth (Spider:4)
  A stone giant (Vaults:5)
  A deep elf demonologist (Elf:3)
  An obsidian statue (Zot:5)
  An ironbound convoker (Vaults:5)
  A phantasmal warrior (Vaults:5)
  A moth of wrath (Spider:4)
  5 hornets
  A culicivora (Spider:4)
  An orc warrior (Orc:2)
  An orc (Orc:2)
26 creatures vanquished.

Vanquished Creatures (others)
  2 deep elf knights
  A pharaoh ant (Spider:1)
  An orb spider (Spider:1)
  A tengu conjurer (Depths:3)
  3 bloated husks
  A tarantella (Spider:1)
  A hornet (Swamp:4)
  A small abomination (Depths:1)
  2 briar patches (Swamp:2)
  19 foxfires
  24 fungi
  36 plants
92 creatures vanquished.

Grand Total: 2054 creatures vanquished

Notes
Turn   | Place    | Note
-------+----------+-------------------------------------------
     0 | D:1      | nonceun the Minotaur Berserker began the quest for the Orb.
     0 | D:1      | Reached XP level 1. HP: 19/19 MP: 0/0
   232 | D:1      | Reached XP level 2. HP: 26/26 MP: 1/1
   866 | D:2      | Reached skill level 5 in Axes
   866 | D:2      | Reached XP level 3. HP: 26/31 MP: 2/2
   933 | D:2      | Found Sytuetic's General Store.
   939 | D:2      | Bought a scroll of identify for 26 gold pieces
   952 | D:2      | Noticed Natasha
   960 | D:2      | Killed Natasha
   961 | D:2      | Reached skill level 1 in Shields
  1146 | D:2      | Reached ** piety under Trog
  1163 | D:2      | Found a faded altar of an unknown god.
  1211 | D:2      | Noticed Natasha
  1217 | D:2      | Killed Natasha
  1218 | D:2      | Reached XP level 4. HP: 31/39 MP: 3/3
  1287 | D:2      | Noticed Natasha
  1299 | D:2      | Killed Natasha
  1853 | D:2      | Bought a potion of curing for 39 gold pieces
  1901 | D:3      | Noticed Robin
  1903 | D:3      | Noticed Sigmund
  2043 | D:3      | Killed Sigmund
  2044 | D:3      | Reached XP level 5. HP: 22/45 MP: 4/4
  2044 | D:3      | Reached XP level 6. HP: 25/51 MP: 5/5
  2653 | D:3      | Killed Robin
  3067 | D:3      | Found a runed translucent door.
  3068 | D:3      | Noticed Crazy Yiuf
  3075 | D:3      | Killed Crazy Yiuf
  3204 | D:2      | Bought a potion of heal wounds for 65 gold pieces
  3387 | D:4      | Identified the +1 pair of gloves of Loxaemie {Regen+ Str+4
                  | Int-5 Stlth+}
  3492 | D:4      | Reached XP level 7. HP: 60/60 MP: 6/6
  3537 | D:4      | Found a stormy altar of Qazlal.
  3715 | D:4      | Reached *** piety under Trog
  3928 | D:4      | Noticed Grinder
  3977 | D:5      | Entered Level 5 of the Dungeon
  3986 | D:5      | Noticed Edmund
  4001 | D:5      | Killed Edmund
  4053 | D:5      | Reached skill level 5 in Fighting
  4105 | D:5      | Reached skill level 5 in Shields
  4137 | D:5      | Found a shadowy altar of Dithmenos.
  4169 | D:5      | Reached skill level 10 in Axes
  4169 | D:5      | Reached XP level 8. HP: 68/68 MP: 7/7
  4822 | D:6      | Found a staircase to the Ecumenical Temple.
  5119 | D:6      | Noticed Eustachio
  5138 | D:6      | Killed Eustachio
  5207 | D:6      | Reached XP level 9. HP: 54/75 MP: 8/8
  5369 | D:6      | Noticed Pikel
  5383 | D:6      | Killed Pikel
  5673 | D:7      | Reached **** piety under Trog
  5950 | D:7      | Reached skill level 5 in Dodging
  5955 | D:7      | Reached skill level 5 in Armour
  6011 | D:7      | Found a shimmering blue altar of Sif Muna.
  6250 | D:7      | Reached XP level 10. HP: 83/88 MP: 9/9
  6716 | D:8      | Noticed Maggie
  6724 | D:8      | Killed Maggie
  6731 | D:8      | Reached ***** piety under Trog
  6870 | D:8      | Noticed Prince Ribbit
  6881 | D:8      | Killed Prince Ribbit
  6995 | D:8      | Noticed a two-headed ogre
  7002 | D:8      | Killed a two-headed ogre
  7054 | D:8      | Noticed a cyan ugly thing
  7063 | D:8      | Killed a cyan ugly thing
  7262 | D:8      | Reached XP level 11. HP: 94/99 MP: 10/10
  7427 | D:8      | Found a staircase to the Lair.
  7438 | D:8      | Reached skill level 10 in Fighting
  7540 | D:8      | Noticed Erica
  7556 | D:8      | Killed Erica
  8010 | D:2      | Bought a potion of curing for 39 gold pieces
  8010 | D:2      | Bought a scroll of identify for 26 gold pieces
  8010 | D:2      | Bought a scroll of teleportation for 39 gold pieces
  8010 | D:2      | Bought a potion of haste for 130 gold pieces
  8138 | D:4      | Paralysed by Grinder for 5 turns
  8150 | D:4      | Killed Grinder
  8389 | Lair:1   | Entered Level 1 of the Lair of Beasts
  8424 | Lair:1   | Identified 3 scrolls of acquirement
  8424 | Lair:1   | Acquired the +8 mithril axe "Arga" {speed, Will+}
  8424 | Lair:1   | Found the +8 mithril axe "Arga" {speed, Will+}
  8436 | Lair:1   | Identified the +2 robe of the Big Bang {Rampage}
  8452 | Lair:1   | Found a gate leading to a gauntlet.
  8480 | Gauntlet | Entered a Gauntlet
  8480 | Gauntlet | Found a transporter.
  8480 | Gauntlet | Found a transporter.
  8488 | Gauntlet | Found a transporter.
  8492 | Gauntlet | Found a transporter.
  8496 | Gauntlet | Found the +4 skin of Zhor {*Englaciate rC+++ SInv}
  8501 | Gauntlet | Found a transporter.
  8504 | Gauntlet | Found a transporter.
  8512 | Gauntlet | Found a transporter.
  8512 | Gauntlet | Noticed a hell hog
  8528 | Gauntlet | Found a runed translucent door.
  8529 | Gauntlet | Found a transporter.
  8530 | Gauntlet | Found a runed translucent door.
  8538 | Gauntlet | Found a transporter.
  8566 | Gauntlet | Noticed an oklob plant
  8567 | Gauntlet | Found a transporter.
  8578 | Gauntlet | Found a transporter.
  8582 | Gauntlet | Found a transporter.
  8644 | Gauntlet | Identified the ring "Zokhoed" {rElec MP+9 Str+5 Dex-4}
  8807 | Gauntlet | Noticed a minotaur
  8817 | Gauntlet | Killed a minotaur
  9105 | Lair:1   | Gained mutation: Your body sometimes deteriorates upon
                  | taking damage. [potion of mutation]
  9106 | Lair:1   | Lost mutation: Your body sometimes deteriorates upon taking
                  | damage. [potion of mutation]
  9106 | Lair:1   | Gained mutation: You are robust. (+10% HP) [potion of
                  | mutation]
  9106 | Lair:1   | Gained mutation: Your muscles are strong. (Str +4, Int/Dex
                  | -1) [potion of mutation]
  9106 | Lair:1   | Gained mutation: You are partially covered in iridescent
                  | scales. (AC +2) [potion of mutation]
  9145 | Lair:1   | Acquired the +1 hat "Zieq" {rC+ Str+3}
  9147 | Lair:1   | Acquired 758 gold pieces
  9232 | Lair:1   | Got Lehudib's Catalogue of the Thirsty Olives
  9908 | Lair:2   | Reached skill level 15 in Axes
  9908 | Lair:2   | Noticed a four-headed hydra
  9939 | Lair:2   | Killed a four-headed hydra
  9940 | Lair:2   | Reached XP level 12. HP: 112/121 MP: 11/11
 10171 | Lair:2   | Noticed a boulder beetle
 10184 | Lair:2   | Killed a boulder beetle
 10185 | Lair:2   | Reached skill level 10 in Armour
 10349 | Lair:2   | Reached skill level 1 in Evocations
 10523 | Lair:2   | Noticed a four-headed hydra
 10530 | Lair:2   | Killed a four-headed hydra
 10564 | Lair:2   | Noticed a seven-headed hydra
 10567 | Lair:2   | Reached skill level 10 in Shields
 10573 | Lair:2   | Killed a seven-headed hydra
 10798 | Lair:3   | Found a blossoming altar of Fedhas.
 10882 | Lair:3   | Found a transporter.
 10907 | Lair:3   | Found a transporter.
 10943 | Lair:3   | Noticed an eight-headed hydra
 10950 | Lair:3   | Killed an eight-headed hydra
 11023 | Lair:3   | Found a hole to the Spider Nest.
 11231 | Lair:3   | Found a staircase to the Swamp.
 11501 | Lair:3   | Noticed a fire dragon
 11525 | Lair:3   | Killed a fire dragon
 11948 | Lair:3   | Noticed Qililel's ghost (journeyman NaFi)
 12012 | Lair:4   | Reached XP level 13. HP: 121/130 MP: 12/12
 12066 | Lair:4   | Noticed Rupert
 12088 | Lair:4   | HP: 5/130 [poisoned by Rupert]
 12194 | Lair:4   | Noticed Sonja
 12201 | Lair:4   | Killed Sonja
 12468 | Lair:4   | Noticed Nessos
 12481 | Lair:4   | Killed Nessos
 12716 | D:9      | Received a gift from Trog
 12754 | D:9      | Noticed Maurice
 12767 | D:9      | Killed Maurice
 13172 | D:8      | You fall into a shaft and drop 3 floors!
 13322 | D:10     | Entered Level 10 of the Dungeon
 13358 | D:10     | Reached skill level 10 in Dodging
 13559 | D:10     | Noticed Lodul
 13573 | D:10     | Killed Lodul
 13755 | D:10     | Found a hazy altar of Hepliaklqana.
 13756 | D:10     | Identified the +1 dagger of Perversion {spect, Str+5 Int-2
                  | Dex+5}
 13758 | D:10     | Found a radiant altar of Vehumet.
 14154 | D:11     | Found a staircase to the Orcish Mines.
 14690 | D:12     | Noticed Psyche
 14701 | D:12     | Killed Psyche
 14729 | D:12     | Found the amulet of Elemental Vulnerability {rPois rF--
                  | rC-- AC+8}
 14955 | Orc:1    | Entered Level 1 of the Orcish Mines
 14995 | Orc:2    | Entered Level 2 of the Orcish Mines
 14995 | Orc:2    | Noticed an orc warlord
 14995 | Orc:2    | Found Wubrupo's General Store.
 15005 | Orc:2    | Reached skill level 5 in Evocations
 15055 | Orc:1    | Killed an orc warlord
 15056 | Orc:1    | Reached XP level 14. HP: 27/141 MP: 13/13
 15190 | Orc:2    | Found Ujibri Seob's Antique Armour Boutique.
 15202 | Orc:2    | Gained mutation: Your body sometimes deteriorates upon
                  | taking damage. [a neqoxec]
 15208 | Orc:2    | Received a gift from Trog
 15288 | Orc:2    | Bought a pair of runed boots for 187 gold pieces
 15290 | Orc:2    | Found a staircase to the Elven Halls.
 15416 | Orc:2    | Found Tuelops's Antique Weapon Boutique.
 15463 | Orc:2    | Found a transporter.
 15471 | Orc:2    | Found a bloodstained altar of Trog.
 15477 | Orc:2    | Found a transporter.
 15478 | Orc:2    | Noticed bronco's ghost (journeyman DjCj)
 15548 | Orc:2    | Killed bronco's ghost
 15648 | Orc:2    | Found Bisch's Book Shoppe.
 15828 | Orc:1    | Noticed Fannar
 15846 | Orc:1    | Killed Fannar
 15856 | Orc:1    | Reached ****** piety under Trog
 16350 | D:12     | Found a hazy altar of Hepliaklqana.
 16638 | D:13     | Identified the +6 broad axe "Jepautod" {flame, Contam
                  | +Blink rF+++ Str+2} (Trog gifted it to you on level 13 of
                  | the Dungeon)
 16638 | D:13     | Received a gift from Trog
 17285 | D:14     | Reached skill level 15 in Fighting
 17826 | D:14     | Found a gate to the Vaults.
 17979 | D:14     | Found a shadowy altar of Dithmenos.
 18142 | D:14     | Reached XP level 15. HP: 155/155 MP: 14/14
 18332 | D:15     | Entered Level 15 of the Dungeon
 18387 | D:15     | Found a staircase to the Depths.
 18716 | D:15     | Received a gift from Trog
 19269 | Spider:1 | Entered Level 1 of the Spider Nest
 19326 | Spider:1 | Reached skill level 15 in Armour
 19534 | Spider:1 | Noticed Nikola
 19550 | Spider:1 | Killed Nikola
 21016 | Spider:2 | Received a gift from Trog
 21988 | Spider:3 | Reached XP level 16. HP: 166/166 MP: 15/15
 22323 | Spider:4 | Entered Level 4 of the Spider Nest
 22464 | Spider:4 | Reached skill level 15 in Shields
 23199 | Spider:4 | Received a gift from Trog
 23648 | Spider:4 | Identified the +2 hat "Kisa" {Harm rElec rCorr MP-9}
 23674 | Spider:4 | Got a gossamer rune of Zot
 24090 | Vaults:1 | Entered Level 1 of the Vaults
 24132 | Vaults:1 | Found a portal to a secret trove of treasure.
 24596 | Vaults:1 | Received a gift from Trog
 24645 | Vaults:1 | Reached XP level 17. HP: 141/177 MP: 16/16
 26486 | Vaults:2 | Received a gift from Trog
 26492 | Vaults:2 | Identified the +8 hand axe of the Dozen Beds {vorpal, Drain
                  | rC+ Will+}
 27312 | Vaults:3 | Reached XP level 18. HP: 190/190 MP: 17/17
 27322 | Vaults:3 | Reached skill level 15 in Dodging
 27384 | Vaults:3 | Paralysed by a sphinx for 4 turns
 27393 | Vaults:3 | Reached skill level 10 in Evocations
 27617 | Vaults:3 | Found a staircase to the Crypt.
 27617 | Vaults:3 | Found a basalt altar of Yredelemnul.
 27617 | Vaults:3 | Found an ancient bone altar of Kikubaaqudgha.
 28146 | Vaults:4 | Found a flickering gateway to a bazaar.
 28161 | Bazaar   | Entered a bazaar
 28163 | Bazaar   | Found Hiefyepp's Weapon Boutique.
 28167 | Bazaar   | Found Zulen's Distillery.
 28167 | Bazaar   | Found Joantot's Assorted Antiques.
 28167 | Bazaar   | Found Aczat's Antique Weapon Boutique.
 28193 | Bazaar   | Bought a potion of curing for 39 gold pieces
 28193 | Bazaar   | Bought a potion of lignification for 39 gold pieces
 28193 | Bazaar   | Bought a potion of attraction for 39 gold pieces
 28206 | Bazaar   | Bought a pair of glowing boots for 225 gold pieces
 28214 | Bazaar   | Bought a brightly glowing executioner's axe for 630 gold
                  | pieces
 28214 | Bazaar   | Identified the +4 executioner's axe "Weyd" {protect, +Blink
                  | Will- Stlth+} (You bought it in a shop in a bazaar)
 28420 | Vaults:4 | Noticed a dread lich
 28444 | Vaults:4 | Received a gift from Trog
 29597 | Swamp:1  | Entered Level 1 of the Swamp
 30611 | Swamp:2  | Reached XP level 19. HP: 195/203 MP: 18/18
 30663 | Swamp:2  | Noticed Roxanne
 30683 | Swamp:2  | Killed Roxanne
 30683 | Swamp:2  | Identified the +10 hand axe "Upreufe" {vorpal, rF+ SInv}
                  | (Trog gifted it to you on level 2 of the Swamp)
 30683 | Swamp:2  | Received a gift from Trog
 30828 | Swamp:2  | Paralysed by a fenstrider witch for 5 turns
 30998 | Swamp:2  | Paralysed by a fenstrider witch for 4 turns
 31020 | Swamp:2  | Reached skill level 1 in Polearms
 31467 | Swamp:3  | Found a frozen archway.
 31541 | IceCv    | Entered an ice cave
 31693 | IceCv    | Received a gift from Trog
 31908 | IceCv    | Identified the ring "Sumac" {rC+ rCorr Str+6 Stlth+}
 31919 | IceCv    | Identified the ring "Bees Upu" {rC+ rCorr}
 32306 | Swamp:3  | Noticed Aizul
 32323 | Swamp:3  | Killed Aizul
 32352 | Swamp:3  | Noticed Kirke
 32370 | Swamp:3  | Killed Kirke
 32500 | Swamp:3  | Acquired a manual of Evocations
 32609 | Swamp:4  | Entered Level 4 of the Swamp
 32970 | Swamp:4  | Received a gift from Trog
 33419 | Swamp:4  | Got a decaying rune of Zot
 33686 | Elf:1    | Entered Level 1 of the Elven Halls
 33715 | Elf:1    | Paralysed by an air elemental for 1 turns
 33808 | Elf:1    | Found Ceiklown's Distillery.
 33816 | Elf:1    | Bought a potion of curing for 42 gold pieces
 33911 | Elf:1    | Reached XP level 20. HP: 217/217 MP: 19/19
 34111 | Elf:1    | Received a gift from Trog
 34159 | Elf:1    | Found a runed translucent gate.
 34159 | Elf:1    | Found a runed translucent gate.
 34159 | Elf:1    | Found an iron altar of Okawaru.
 34159 | Elf:1    | Found a runed translucent gate.
 34159 | Elf:1    | Noticed Unuruuc's ghost (adept DsFE)
 34174 | Elf:1    | Identified the +1 robe of Eraiczih {Will+ Int+2 Dex+2
                  | Slay+3}
 34397 | Lair:3   | Killed Qililel's ghost
 35030 | Elf:2    | Noticed Saint Roka
 35208 | Elf:2    | Found a runed translucent door.
 35208 | Elf:2    | Noticed Ynuz's ghost (journeyman VSBe)
 35232 | Elf:2    | Killed Ynuz's ghost
 35280 | Elf:2    | Paralysed by an air elemental for 1 turns
 35512 | Elf:2    | Killed Saint Roka
 35534 | Elf:2    | Received a gift from Trog
 35657 | Elf:2    | Found a runed translucent gate.
 35658 | Elf:2    | Found a runed translucent gate.
 35658 | Elf:2    | Found a runed translucent gate.
 36161 | Elf:2    | Received a gift from Trog
 36284 | Elf:3    | Entered Level 3 of the Elven Halls
 36285 | Elf:3    | Found Kyoqeg's Antique Armour Emporium.
 36311 | Elf:3    | Found Nesat's Antique Weapon Shop.
 36503 | Elf:3    | Found Arukhec's Assorted Antiques.
 36916 | Elf:3    | Identified the ring of Ignis, Screaming {rC- Will++ EV+4
                  | Int+4}
 36964 | Elf:3    | Found Boario's Antique Weapon Emporium.
 37462 | Elf:3    | Identified the +6 sling of Modesty {vorpal, Dex+4}
 37474 | Elf:3    | Found the +2 hat of the Bear Spirit {Spirit, *Rage Will++}
 37490 | Elf:3    | Identified the ring "Jidwef" {Fly rF+ rCorr MP+9}
 37518 | Elf:3    | Identified the ring of Jackio {rF+ Dex+6}
 37922 | Elf:3    | Received a gift from Trog
 38091 | Elf:3    | Identified the +2 plate armour of the Solstice {Contam
                  | Rampage rF- Will++}
 38113 | Elf:3    | Reached XP level 21. HP: 227/227 MP: 20/20
 38116 | Elf:3    | Reached skill level 15 in Evocations
 38127 | Elf:3    | Found the +4 moon troll leather armour {Spirit, Regen++
                  | MP+5}
 38234 | Elf:3    | Identified the +0 pair of gloves of Yschacle {Harm Int+4}
 38836 | Vaults:5 | Entered Level 5 of the Vaults
 38844 | Vaults:5 | Received a gift from Trog
 39396 | Vaults:5 | Identified the ring of Jaics {Fly Int+4 Stlth+}
 39561 | Vaults:5 | Received a gift from Trog
 39582 | Vaults:5 | Identified the ring "Kep Niel" {Contam rElec rPois Str+2
                  | Int+3}
 40398 | Vaults:5 | Found the +7 Singing Sword {vorpal, sonic wave}
 40414 | Vaults:5 | Identified the +7 great sword of Destruction {holy,
                  | *Corrode MP+9 Str+4}
 40915 | Vaults:5 | Noticed a golden dragon
 40925 | Vaults:5 | Killed a golden dragon
 41035 | Vaults:5 | Got Jairytesk's Vellum of the Rocks
 41275 | Vaults:5 | Got a silver rune of Zot
 41851 | Depths:1 | Entered Level 1 of the Depths
 41991 | Depths:1 | Found Lic Fiec's Assorted Antiques.
 41997 | Depths:1 | Found Efuel's Antique Weapon Boutique.
 42022 | Depths:1 | Bought a scroll of teleportation for 69 gold pieces
 42022 | Depths:1 | Bought a potion of curing for 69 gold pieces
 42022 | Depths:1 | Bought a scroll of enchant armour for 172 gold pieces
 42594 | Depths:1 | Received a gift from Trog
 42605 | Depths:1 | Reached XP level 22. HP: 234/237 MP: 21/21
 42766 | Depths:1 | Found a one-way gateway to a ziggurat.
 42894 | Depths:1 | Found a gateway to Hell.
 43477 | Depths:2 | Found a one-way gate leading to the halls of Pandemonium.
 43674 | Depths:2 | Got the Guidebook on the Blaze
 44284 | Depths:2 | Received a gift from Trog
 44771 | Depths:3 | Found a blossoming altar of Fedhas.
 44784 | Depths:3 | Found a runed translucent door.
 44785 | Depths:3 | Found a runed translucent door.
 44786 | Depths:3 | Found a runed translucent door.
 44906 | Depths:3 | Paralysed by a floating eye for 2 turns
 45052 | Depths:3 | Identified the ring of Peczeiq {rC+ Will+}
 45060 | Depths:3 | Found a one-way gate to the infinite horrors of the Abyss.
 45067 | Depths:3 | Identified the ring "Mergha Olob" {rN+ Str+6 Dex+3 Stlth+}
 45069 | Depths:3 | Found a runed translucent door.
 45845 | Depths:3 | Identified the +1 ring mail of the Abyss {rC+ rN+ Will+
                  | Dex+4}
 45863 | Depths:3 | Received a gift from Trog
 45955 | Depths:3 | Paralysed by a floating eye for 4 turns
 45963 | Depths:3 | Paralysed by a floating eye for 3 turns
 45973 | Depths:3 | Paralysed by a floating eye for 2 turns
 45990 | Depths:3 | Paralysed by a floating eye for 3 turns
 46003 | Depths:3 | Paralysed by a floating eye for 2 turns
 46283 | Depths:3 | Noticed a juggernaut
 46283 | Depths:3 | Noticed a golden dragon
 46355 | Depths:3 | Killed a juggernaut
 46513 | Depths:3 | Killed a golden dragon
 46885 | Depths:3 | Reached XP level 23. HP: 255/255 MP: 21/22
 47045 | Depths:3 | Identified the +1 scale mail "Foatino" {Dex+3}
 47092 | Depths:3 | Received a gift from Trog
 47189 | Depths:3 | Identified the ring "Nukkoul" {*Slow rElec rN+ MP+9 Int+4}
 47191 | Depths:3 | Identified the +8 halberd of Poverty {flame, rElec rC+
                  | Will- Int+5}
 47446 | Depths:3 | Identified the +2 scale mail of Loss {Int+4 Dex+4}
 48756 | Depths:4 | Entered Level 4 of the Depths
 48860 | Depths:4 | Gained mutation: You occasionally shout uncontrollably at
                  | your foes. [a shining eye]
 48861 | Depths:4 | Gained mutation: You frequently scream uncontrollably at
                  | your foes. [a shining eye]
 48979 | Depths:4 | Found a gate to the Realm of Zot.
 49389 | Depths:4 | Noticed a juggernaut
 49407 | Depths:4 | Killed a juggernaut
 50089 | Elf:1    | Killed Unuruuc's ghost
 50089 | Elf:1    | Received a gift from Trog
 50713 | Depths:3 | Noticed a juggernaut
 50727 | Depths:3 | Received a gift from Trog
 50735 | Depths:3 | Killed a juggernaut
 50771 | Depths:3 | Identified the +0 cloak "Aza Firas" {*Slow +Inv rC+ Str-3
                  | Dex+9}
 50783 | Depths:3 | Identified the ring "Qeheut" {+Blink rPois Will+ Int-3
                  | Slay-5}
 50798 | Depths:3 | Identified the +11 flail "Ruosi" {drain, rC- Will+ rCorr}
 50977 | Zot:1    | Entered Level 1 of the Realm of Zot
 51392 | Vaults:1 | You paid a toll of a +7 demon trident to enter a treasure
                  | trove
 51393 | Trove    | Entered a treasure trove
 51402 | Trove    | Identified the +9 demon trident of Saltpetre {elec, MP+9
                  | Dex+2}
 51403 | Trove    | Identified the ring "Miwneqyth" {Fire Str+4 Dex-5 Stlth+}
 51407 | Trove    | Identified the amulet "Anlifyst" {Spirit rC+}
 51411 | Trove    | Identified the amulet "Saelas" {Spirit Int+4}
 51958 | Zot:1    | Found a transporter.
 51958 | Zot:1    | Noticed Sostolov's ghost (legendary MiAK)
 51959 | Zot:1    | Found a transporter.
 51992 | Zot:1    | Identified the +5 short sword of the Bouncing Mouths
                  | {freeze, Dex+4}
 52218 | Zot:1    | Reached XP level 24. HP: 215/269 MP: 22/22
 53273 | Zot:2    | Noticed an ancient lich
 53282 | Zot:2    | Killed an ancient lich
 53380 | Zot:2    | Noticed a juggernaut
 53394 | Zot:2    | Killed a juggernaut
 53465 | Zot:2    | Received a gift from Trog
 53655 | Zot:2    | You fall into a shaft and drop 1 floor!
 53705 | Zot:3    | Noticed Grunn
 54081 | Zot:2    | Noticed an orb of fire
 54093 | Zot:2    | Killed an orb of fire
 54769 | Zot:3    | Noticed Yliz's ghost (legendary DsBe)
 54771 | Zot:3    | Noticed an ancient lich
 54786 | Zot:3    | Received a gift from Trog
 54818 | Zot:3    | Noticed Toelubet's ghost (veteran CeHu)
 54866 | Zot:3    | Killed Grunn
 55099 | Zot:3    | Found a transporter.
 55100 | Zot:3    | Found a transporter.
 55139 | Zot:3    | Identified the ring "Vyliteg" {Ice rN++ Int-4}
 55139 | Zot:3    | Noticed Josephina
 55146 | Zot:3    | Killed Josephina
 55348 | Zot:3    | Noticed a Killer Klown
 55351 | Zot:3    | Noticed a Killer Klown
 55382 | Zot:3    | Killed a Killer Klown
 55419 | Zot:3    | a Killer Klown changed into a titan
 55763 | Zot:4    | Reached XP level 25. HP: 280/280 MP: 17/22
 55807 | Zot:4    | Reached skill level 27 in Fighting
 55817 | Zot:4    | Reached skill level 27 in Shields
 55928 | Zot:4    | Noticed a Killer Klown
 55931 | Zot:4    | a Killer Klown changed into a fire giant
 56153 | Zot:4    | Found a huge runed gate.
 56155 | Zot:4    | Found a huge runed gate.
 56156 | Zot:4    | Found a huge runed gate.
 56157 | Zot:4    | Found a huge runed gate.
 56286 | Zot:4    | Found a huge runed gate.
 56286 | Zot:4    | Found a huge runed gate.
 56286 | Zot:4    | Found a huge runed gate.
 56286 | Zot:4    | Found a huge runed gate.
 56286 | Zot:4    | Found a huge runed gate.
 56286 | Zot:4    | Found a huge runed gate.
 56286 | Zot:4    | Found a huge runed gate.
 56289 | Zot:4    | Found a huge runed gate.
 56289 | Zot:4    | Found a huge runed gate.
 56289 | Zot:4    | Found a huge runed gate.
 56289 | Zot:4    | Found a huge runed gate.
 56289 | Zot:4    | Found a huge runed gate.
 56289 | Zot:4    | Found a huge runed gate.
 56290 | Zot:4    | Found a huge runed gate.
 56291 | Zot:4    | Found a huge runed gate.
 56292 | Zot:4    | Found a huge runed gate.
 56297 | Zot:4    | Noticed Varphup's ghost (legendary FoFi)
 56297 | Zot:4    | Noticed Sostolov's ghost (legendary MiAK)
 56297 | Zot:4    | Noticed ShutUppercut's ghost (legendary DsGl)
 56297 | Zot:4    | Noticed Sofait's ghost (legendary GnFE)
 56297 | Zot:4    | Noticed Yliz's ghost (legendary DsBe)
 56297 | Zot:4    | Noticed Sofait's ghost (legendary GnFE)
 56297 | Zot:4    | Noticed Gupaxyh's ghost (veteran TrCA)
 56297 | Zot:4    | Noticed Beuseq's ghost (master GnFi)
 56298 | Zot:4    | Noticed wilo's ghost (master MfBe)
 56298 | Zot:4    | Noticed Beuseq's ghost (master GnFi)
 56712 | Zot:3    | Killed Beuseq's ghost
 56791 | Zot:4    | Noticed a Killer Klown
 56828 | Zot:3    | Killed Beuseq's ghost
 56906 | Zot:3    | Killed Sofait's ghost
 56967 | Zot:4    | Killed wilo's ghost
 57008 | Zot:3    | Killed Gupaxyh's ghost
 57112 | Zot:3    | Killed Sofait's ghost
 57305 | Zot:3    | Killed Varphup's ghost
 57463 | Zot:3    | Killed Sostolov's ghost
 57607 | Zot:3    | Killed Yliz's ghost
 57608 | Zot:3    | Reached skill level 27 in Armour
 57823 | Zot:4    | Identified the +3 rapier of Mozeomat {venom, rPois rN+ MP-9
                  | Stlth+}
 58129 | Zot:5    | Entered Level 5 of the Realm of Zot
 58140 | Zot:5    | Acquired the amulet of Ysenuklae {Acrobat Str+7 Dex-3}
 58721 | Zot:5    | Noticed a Killer Klown
 58725 | Zot:5    | a Killer Klown changed into a golden dragon
 58823 | Zot:5    | Noticed an orb of fire
 58823 | Zot:5    | Noticed an orb of fire
 58823 | Zot:5    | Noticed an ancient lich
 58823 | Zot:5    | Lost mutation: Your muscles are strong. (Str +4, Int/Dex
                  | -1) [an orb of fire]
 58823 | Zot:5    | Noticed an orb of fire
 58827 | Zot:5    | Gained mutation: You have hidden genetic defects. [an orb
                  | of fire]
 58832 | Zot:5    | Killed an orb of fire
 58837 | Zot:5    | Gained mutation: You occasionally lose the ability to read
                  | scrolls when taking damage. [an orb of fire]
 58838 | Zot:5    | Killed an ancient lich
 58844 | Zot:5    | Noticed an ancient lich
 58846 | Zot:5    | Lost mutation: You are robust. (+10% HP) [an orb of fire]
 58850 | Zot:5    | Gained mutation: Your body often deteriorates upon taking
                  | damage. [an orb of fire]
 58855 | Zot:5    | Gained mutation: Armour fits poorly on your strangely
                  | shaped body. [an orb of fire]
 58855 | Zot:5    | Noticed a Killer Klown
 58860 | Zot:5    | Killed an orb of fire
 58861 | Zot:5    | Gained mutation: Your magical capacity is low. (-10% MP)
                  | [an orb of fire]
 58863 | Zot:5    | Gained mutation: You are frail. (-10% HP) [an orb of fire]
 58870 | Zot:5    | Killed an orb of fire
 58875 | Zot:5    | Killed an ancient lich
 58887 | Zot:5    | Killed a Killer Klown
 58897 | Zot:5    | Lost mutation: Armour fits poorly on your strangely shaped
                  | body. [potion of mutation]
 58897 | Zot:5    | Lost mutation: Your magical capacity is low. (-10% MP)
                  | [potion of mutation]
 58897 | Zot:5    | Lost mutation: You are frail. (-10% HP) [potion of
                  | mutation]
 58897 | Zot:5    | Lost mutation: Your body often deteriorates upon taking
                  | damage. [potion of mutation]
 59244 | Lair:1   | Lost mutation: You are partially covered in iridescent
                  | scales. (AC +2) [potion of mutation]
 59244 | Lair:1   | Lost mutation: You occasionally lose the ability to read
                  | scrolls when taking damage. [potion of mutation]
 59244 | Lair:1   | Gained mutation: You are dopey. (Int -2) [potion of
                  | mutation]
 59244 | Lair:1   | Gained mutation: You expend magic power (3 MP) to
                  | strengthen your wands. [potion of mutation]
 59244 | Lair:1   | Gained mutation: You are strong-willed. (Will+) [potion of
                  | mutation]
 59245 | Lair:1   | Lost mutation: Your body sometimes deteriorates upon taking
                  | damage. [potion of mutation]
 59245 | Lair:1   | Lost mutation: You are strong-willed. (Will+) [potion of
                  | mutation]
 59245 | Lair:1   | Lost mutation: You expend magic power (3 MP) to strengthen
                  | your wands. [potion of mutation]
 59245 | Lair:1   | Gained mutation: Your system is resistant to poisons.
                  | (rPois) [potion of mutation]
 59707 | Zot:5    | Identified the +0 chain mail of Koicuw {Str+3 SInv Stlth+}
 59802 | Zot:5    | Gained mutation: You are weak. (Str -2) [hidden defects]
 59811 | Zot:5    | Reached XP level 26. HP: 257/266 MP: 22/22
 59821 | Zot:5    | Noticed an orb of fire
 59822 | Zot:5    | Noticed an orb of fire
 59828 | Zot:5    | Noticed an orb of fire
 59828 | Zot:5    | Gained mutation: Potions are less effective at restoring
                  | your health. [an orb of fire]
 59840 | Zot:5    | Killed from afar by an orb of fire

Illustrated notes

Levels and vault maps discovered:
D:1:      dpeg_arrival_rooms_with_view, layout_rooms
D:2:      layout_loops_ring, serial_shops, nicolae_shop_hallway_plus,
          dreamdust_ecumenical_altar_hidden_monk_grotto, uniq_natasha
D:3:      layout_basic, uniq_robin, uniq_crazy_yiuf_cottage, uniq_sigmund
D:4:      cheibrodos_thug_alley, layout_basic, lemuel_tele_altar, uniq_grinder
D:5:      layout_basic, lemuel_doored_altar, uniq_edmund
D:6:      layout_loops_ring, minmay_temple_entry_hall, uniq_eustachio,
          uniq_pikel
D:7:      layout_cave_pools, general_overflow_altar, serial_gnoll_camp,
          gnoll_camp_mini_sergeant, gnoll_camp_mini_house,
          gnoll_camp_mini_house, gnoll_camp_medium_01, gnoll_camp_mini_doghouse,
          dreamdust_mushroom_princess, nicolae_concentric_dashed_squares_wild,
          nicolae_grassy_gnolls
D:8:      minmay_imperfect_grid, layout_loops_corners, david_lair_generic,
          uniq_prince_ribbit1, uniq_maggie, uniq_erica
D:9:      layout_rooms, uniq_maurice
D:10:     layout_cave_pools, nicolae_overflow_squiral, uniq_lodul
D:11:     nzn_motion_control, layout_loops_ring, orc_0_dummy
D:12:     layout_cave_pools, worldfamousw_hep_ancestral_shrine, uniq_psyche
D:13:     layout_long_grid
D:14:     kennysheep_big_flooded_room, layout_loops_ring, erik_vaults_1,
          grunt_dithmenos_shadows
D:15:     grunt_enter_depths_snipers, layout_basic
Lair:1:   layout_gridlike, gauntlet_entry_generic
Lair:2:   layout_long_grid, serial_bayou_pond_b
Lair:3:   dragon1_lemuel, layout_gridlike, nicolae_swamp_entry_splash_gauntlet,
          nicolae_spider_entry_non_spiders, basic_altar,
          gammafunk_ghost_berserking_beasts
Lair:4:   layout_roguey, chequers_serial_rivers_small_b,
          infiniplex_staircase_pool_2, lemuel_fruit_tree, uniq_rupert,
          uniq_nessos, uniq_sonja
Swamp:1:  nicolae_swamp_tree_isthmus, layout_basic_swamp,
          evilmike_swamp_ruin_house_4
Swamp:2:  nzn_winding_woodlands_small [nzn_winding_woodlands_5x15_twine,
          nzn_winding_woodlands_center_lodge,
          nzn_winding_woodlands_5x15_river_crossing], layout_basic_swamp,
          evilmike_swamp_ruin_house_2, uniq_roxanne
Swamp:3:  layout_falls_marsh, portal_ice_cave_entry_ice_simulacra,
          evilmike_swamp_ruin_rubble_1, uniq_aizul, uniq_kirke
Swamp:4:  nzn_swamp_witches_coven, layout_basic_swamp
Spider:1: layout_spider_delve, uniq_nikola
Spider:2: layout_spider_delve
Spider:3: layout_spider_delve
Spider:4: spider_rune_water, guppyfry_hornet_nest
Orc:1:    layout_caves, basic_altar, uniq_fannar
Orc:2:    grunt_orc_gardens, layout_diamond_mine, grunt_orc_garden,
          grunt_orc_garden, grunt_orc_garden, grunt_orc_garden, basic_altar,
          gammafunk_ghost_wrathful_warriors
Elf:1:    layout_gridlike, serial_shops, nicolae_shop_hallway_stairs,
          gammafunk_ghost_fury_of_okawaru, hangedman_elven_crosses_minicolossus,
          grunt_megastairs_2
Elf:2:    nicolae_elf_blades_crystal_corner, layout_geoelf_diagonals,
          ebering_ghost_inner_flame, corexii_checkpoint_b, grunt_megastairs_3,
          uniq_saint_roka
Elf:3:    nooodl_elf_gasket, layout_onion_city, serial_shops,
          nicolae_diamond_shop, nicolae_shop_hallway_plus, shop,
          nicolae_diamond_shop
Vaults:1: vaults_room_grunt_arrival_ludios, vaults_dpeg_emergency_exit,
          nicolae_vaults_network_star, v_alt_pattern_2,
          nicolae_vaults_mini_display_case, grunt_vaults_hallway_short,
          dpeg_vaults_monster_box, hangedman_vaults_stagger,
          ontoclasm_vaults_decontamination, v_alt_pattern_1, vaults_room_pool,
          layout_vaults_omnigrid, nicolae_trove_entry_isolated
Vaults:2: vaults_room_ringed_pool, nicolae_vaults_three_branches,
          nicolae_vaults_little_squares_5, ontoclasm_vaults_ring_small,
          nicolae_vaults_octagons, grunt_vaults_hallway_long,
          vaults_standard_mumra_lines, hangedman_vaults_stretched_pinwheel,
          grunt_vaults_swirl, grunt_vaults_funnel, vaults_room_semicircle,
          nicolae_vaults_ring_of_whatevers, layout_vaults_omnibox
Vaults:3: vaults_room_octagon, v_misc_28, ontoclasm_vaults_gallery,
          ontoclasm_vaults_tryst, vaults_standard_mumra_x,
          nicolae_vaults_little_squares_1, minmay_crypt_entry_necro_gods,
          vaults_dpeg_encased_lava, layout_vaults_chaotic_city
Vaults:4: hangedman_vaults_nails, hangedman_vaults_impose, grunt_vaults_twisty,
          vaults_standard_mumra_enter_the_diamond, nicolae_vaults_circle_grid_b,
          nicolae_vaults_little_squares_3, nicolae_vaults_little_squares_6,
          vaults_room_pools, v_misc_24, nicolae_vaults_diagonal_hallway_8,
          nicolae_vaults_what_the_h, nicolae_vaults_specimen_jars,
          hangedman_vaults_nails, layout_vaults_omnicross, serial_shops,
          bzr_in_the_mist
Vaults:5
Depths:1: layout_honeycomb, enter_ziggurat_b, grunt_hell_entry_dis_mu,
          laboratory, minmay_shoptagon
Depths:2: dreamdust_hydra_shepherd, layout_gridlike, pf_hell_entry_great_geh,
          serial_sigils, serial_sigils_hangedman_snap,
          serial_sigils_hangedman_etch, serial_sigils_hangedman_quiver,
          serial_sigils_hangedman_writhe, dk_noncrumbling_2,
          rand_demon_pan_entry_1, grunt_ministairs_5
Depths:3: minmay_the_grid_ultimate [minmay_the_grid_prize_inner_circle,
          minmay_the_grid_prize_trominoes, minmay_the_grid_prize_four_corners,
          minmay_the_grid_prize_trominoes, minmay_the_grid_square_5x5_moneybag,
          minmay_the_grid_square_5x5_inset,
          minmay_the_grid_square_5x5_tri_point,
          minmay_the_grid_square_5x5_shrine2,
          minmay_the_grid_square_5x5_bracketed,
          minmay_the_grid_square_5x5_trominoes,
          minmay_the_grid_square_5x5_pentomino_r,
          minmay_the_grid_square_5x5_comb, minmay_the_grid_square_5x5_plus,
          minmay_the_grid_square_5x5_minimal,
          minmay_the_grid_square_5x5_three_walls,
          minmay_the_grid_square_5x5_fancy_junction,
          minmay_the_grid_square_5x5_three_small,
          minmay_the_grid_square_5x5_n_small,
          minmay_the_grid_square_5x5_inverted_slash,
          minmay_the_grid_triangle_9x9_odd_lines,
          minmay_the_grid_triangle_9x9_corrupted_corridor,
          minmay_the_grid_triangle_9x9_from_above,
          minmay_the_grid_triangle_9x9_intruding_spiral,
          minmay_the_grid_triangle_9x9_skeleton,
          minmay_the_grid_triangle_9x9_swiss_cheese,
          minmay_the_grid_triangle_9x9_descending_squares,
          minmay_the_grid_triangle_9x9_semitri,
          minmay_the_grid_triangle_9x9_empty,
          minmay_the_grid_triangle_9x9_limited_checkers,
          minmay_the_grid_triangle_9x9_shrine,
          minmay_the_grid_triangle_9x9_subtriangle,
          minmay_the_grid_triangle_9x9_fully_insulated_deathbox,
          minmay_the_grid_triangle_9x9_windchime,
          minmay_the_grid_triangle_9x9_zippers_vertical,
          minmay_the_grid_triangle_9x9_flanged_cone,
          minmay_the_grid_square_5x5_inner_z, minmay_the_grid_octo_fat_diamond,
          minmay_the_grid_octo_clover, minmay_the_grid_octo_teeth,
          minmay_the_grid_octo_clover_2, minmay_the_grid_octo_odd_swirl,
          minmay_the_grid_octo_pinwheel, minmay_the_grid_octo_fan_narrow,
          minmay_the_grid_octo_tetromino_candy, minmay_the_grid_small_cups,
          minmay_the_grid_tri_star, minmay_the_grid_rooms,
          minmay_the_grid_tree], abyss_entry, pan_entry, hell_entry
Depths:4: grunt_x_marks_the_spot, layout_gridlike, pan_entry, hellmouth_1
Zot:1:    layout_basic, gammafunk_ghost_abyssal_escape
Zot:2:    ebering_greatest_show_in_zot, layout_gridville, st_stairs_8
Zot:3:    grunt_zot_stairs_faceoff, layout_twisted_circle, nzn_ghost_randoct,
          uniq_josephina, uniq_grunn
Zot:4:    gammafunk_mikee_crab_dinner, layout_concentric_octagons,
          gammafunk_ghost_door_vault, hangedman_zot_wheel_spokes
Zot:5:    layout_misc_corridors, st_stairs_14

Skill      XL: |  1  2  3  4  5  6  7  8  9 10 11 12 13 14 15 16 17 18 19 20 21 22 23 24 25 |
---------------+----------------------------------------------------------------------------+-----
Axes           | 4 5 7 8 10 11 13 14 15 16 17 18 | 18.0
Shields        | 1 3 5 6 7 9 10 12 14 16 18 19 20 21 22 23 25 26 27 | 27.0
Fighting       | 4 5 6 8 9 11 12 13 15 17 18 20 21 22 23 24 26 27 | 27.0
Armour         | 4 5 7 9 10 12 13 15 16 17 18 20 21 22 23 24 25 27 | 27.0
Dodging        | 3 5 6 9 10 12 13 14 16 17 | 17.0
Evocations     | 3 5 7 8 9 10 13 14 15 17 18 21 | 21.0
Polearms       | 2 |  2.1

Action                   |  1- 3 |  4- 6 |  7- 9 | 10-12 | 13-15 | 16-18 | 19-21 | 22-24 | 25-27 || total
-------------------------+-------+-------+-------+-------+-------+-------+-------+-------+-------++-------
Melee: Hand axe          |    64 |    54 |       |       |       |       |       |       |       ||   118
       Headbutt          |    16 |    17 |    50 |   120 |   165 |   272 |   318 |   550 |   201 ||  1709
       War axe           |       |    43 |   292 |   249 |       |       |       |       |       ||   584
       Broad axe         |       |       |       |   195 |   847 |  1023 |  1247 |   946 |   591 ||  4849
       Lance             |       |       |       |    64 |    38 |    91 |   218 |   884 |   322 ||  1617
Invok: Trog's Hand       |       |     2 |     5 |     8 |    13 |     9 |    15 |     9 |     9 ||    70
       Brothers in Arms  |       |       |       |       |     2 |     2 |     5 |     3 |     7 ||    19
       Berserk           |       |       |       |       |       |       |       |     1 |       ||     1
Evoke: Lightning rod     |       |       |       |       |     4 |     2 |       |       |       ||     6
       Wand              |       |       |       |       |     1 |    11 |     4 |     3 |     5 ||    24
       Condenser vane    |       |       |       |       |     1 |       |       |       |       ||     1
       Box of beasts     |       |       |       |       |       |       |       |     1 |       ||     1
  Use: Scroll            |     2 |       |       |    27 |     7 |     3 |     6 |    15 |     5 ||    65
       Potion            |       |       |       |     2 |     3 |     1 |     3 |     1 |     5 ||    15
 Stab: Sleeping          |     1 |       |       |       |       |       |       |       |       ||     1
       Distracted        |       |       |       |       |       |     1 |     1 |     2 |       ||     4
Armor: Animal skin       |     2 |       |       |       |       |       |       |       |       ||     2
       Chain mail        |    17 |    27 |    15 |       |       |       |       |       |       ||    59
       Ring mail         |     3 |       |       |       |       |       |       |       |       ||     3
       Plate armour      |       |       |   100 |   191 |   277 |   311 |    58 |       |       ||   937
       Crystal plate arm |       |       |       |       |       |       |   282 |   166 |       ||   448
       Gold dragon scale |       |       |       |       |       |       |       |   274 |   236 ||   510
Dodge: Dodged            |    15 |    37 |   108 |   106 |   167 |   209 |   165 |   330 |   174 ||  1311
Block: Buckler           |     5 |    18 |    67 |    53 |       |       |       |       |       ||   143
       Kite shield       |       |       |       |    95 |   499 |   678 |   698 |  1044 |   556 ||  3570
       Reflection        |       |       |       |     1 |    39 |    43 |    58 |    20 |     7 ||   168
